 Dungeon Crawl Stone Soup version 0.27-a0-1512-g99fd57bada (webtiles) character file.

Game seed: 14719462765743032613

17 Jawa73 the Firebug (level 2, -1/22 HPs)
             Began as a Draconian Fire Elementalist on July 9, 2021.
             Slain by an orc (4 damage)
             ... on level 2 of the Dungeon.
             The game lasted 00:03:03 (1310 turns).

Jawa73 the Firebug (Draconian Fire Elementalist)    Turns: 1310, Time: 00:03:03

Health: -1/22      AC:  4    Str: 10    XL:     2   Next: 44%
Magic:  1/5        EV: 12    Int: 15    God:
Gold:   121        SH:  0    Dex: 11    Spells: 4/5 levels left

rFire    . . .     SeeInvis .   (no weapon)
rCold    . . .     Faith    .   (no shield)
rNeg     . . .     Spirit   .   (armour unavailable)
rPois    .         Reflect  .   (helmet restricted)
rElec    .         Harm     .   (no cloak)
rCorr    .         Rampage  .   (no gloves)
Will     .....                  (no boots)
Stlth    ++........             (no amulet)
HPRegen  0.07/turn              (no ring)
MPRegen  0.09/turn              (no ring)

@: no status effects
A: AC +4, unfitting armour, cold-blooded
a: no special abilities


You were on level 2 of the Dungeon.
You visited 1 branch of the dungeon, and saw 2 of its levels.

You collected 121 gold pieces.

Inventory:

Scrolls
 e - a scroll of identify {unknown}
Potions
 a - a potion of flight {unknown}
 b - a potion of lignification {unknown}
 c - 2 potions of attraction {unknown}
 d - a potion of curing {unknown}


   Skills:
 * Level 0.3 Fighting
 * Level 1.9 Dodging
 - Level 1.7 Stealth
 * Level 0.3 Unarmed Combat
 * Level 2.1 Spellcasting
 * Level 1.1 Conjurations
 * Level 3.4 Fire Magic


You had 4 spell levels left.
You knew the following spells:

 Your Spells              Type           Power      Damage    Failure   Level
a - Foxfire               Conj/Fire      32%        2x1d5     9%          1

Your spell library contained the following spells:

 Spells                   Type           Power      Damage    Failure   Level
 Conjure Flame            Conj/Fire      8%         6-21      26%         3
 Inner Flame              Hex/Fire       6%         N/A       32%         3
 Sticky Flame             Conj/Fire      8%         2d3       63%         4
 Fireball                 Conj/Fire      4%         3d4       93%         5


Dungeon Overview and Level Annotations

Branches:
Dungeon (2/15)

Altars:


Innate Abilities, Weirdness & Mutations

Your plain brown scales are hard. (AC +4)
You cannot fit into any form of body armour.
You are cold-blooded and may be slowed by cold attacks.


Message History

Casting: Foxfire (safe; 9% risk of failure)
Press: ? - help, Q - select action Dir - look around, f - activate You conjure some foxfire!
The orc hits you with a +1 flail of protection.
The worm barely misses you.
You hit the orc but do no damage.
The orc is moderately wounded.
The foxfire hits the orc.
The orc is severely wounded.
The orc misses you.
You hit the orc but do no damage.
The orc is severely wounded.
The orc closely misses you. The worm barely misses you.
You hit the orc but do no damage.
The orc is severely wounded.
The orc barely misses you.
You hit the orc but do no damage.
The orc is severely wounded.
The orc barely misses you. The worm bites you but does no damage.
You hit the orc but do no damage.
You tail-slap the orc, but do no damage.
The orc is heavily wounded.
The orc hits you with a +1 flail of protection.
The worm barely misses you.
You closely miss the orc.
The orc is heavily wounded.
The orc hits you but does no damage.
You hit the orc but do no damage.
Your tail-slap misses the orc.
The orc is heavily wounded.
The orc barely misses you. The worm bites you!
You hit the orc.
The orc is severely wounded.
The orc hits you with a +1 flail of protection.
You barely miss the orc.
Your tail-slap misses the orc.
The orc is severely wounded.
The orc hits you but does no damage. The worm barely misses you.
The orc hits you with a +1 flail of protection!
* * * LOW HITPOINT WARNING * * *
The orc hits you with a +1 flail of protection.
You die...

#.# ##...##.# #.#
##..#....#
#.######..##.....
#........####....
#.......## #..#..
#########........###.##..
.........................
..........##...#####.##..
#.#####.@###.#.# #.###.
#$.#)#$#o.# #.#.# #.# ##
#..$..w..# #.#.# #.# #
#.(...##..# #.#.# ..# #
##...$ #...# #.# .## #
....).. #.<... #.## . #
.#?#.#. #.....##..# ####
#####. #.....###.# #...
.. ......# #.# #..##


You could see a worm and an orc.

Vanquished Creatures
  A dart slug (D:1)
  3 ball pythons
  A bat (D:1)
  2 giant cockroaches
  3 goblins
  A hobgoblin (D:1)
  A frilled lizard (D:1)
  2 kobolds (D:2)
14 creatures vanquished.

Vanquished Creatures (collateral kills)
  A giant cockroach (D:1)
1 creature vanquished.

Vanquished Creatures (others)
  28 foxfires
28 creatures vanquished.

Grand Total: 43 creatures vanquished

Notes
Turn   | Place    | Note
-------+----------+-------------------------------------------
     0 | D:1      | Jawa73 the Draconian Fire Elementalist began the quest for
                  | the Orb.
     0 | D:1      | Reached XP level 1. HP: 14/14 MP: 3/3
   355 | D:1      | Found a faded altar of an unknown god.
   526 | D:1      | Reached XP level 2. HP: 20/20 MP: 0/5
  1310 | D:2      | Slain by an orc

Illustrated notes

Levels and vault maps discovered:
D:1:      beargit_arrival_diablo_church, layout_basic,
          shapermc_ecumenical_altar_starsandcircs
D:2:      layout_rooms, chequers_serial_rivers_room_a, chequers_garden,
          minmay_octomino_e4

Action                   || total
-------------------------++-------
Melee: Unarmed           ||    41
       Tailslap          ||     5
 Cast: Foxfire           ||    19
  Use: Scroll            ||     2
 Stab: Sleeping          ||     2
Armor: Skin              ||    12
Dodge: Dodged            ||    27

Table legend: (Time is in decaauts)
 A = Elapsed time spent in this place.
 B = Non-inter-level travel time spent in this place.
 C = Inter-level travel time spent in this place.
 D = Time resting spent in this place.
 E = Time spent auto-exploring this place.
 F = Levels seen in this place.
 G = Mean time per level.
                   A        B        C        D        E       F      G
               +--------+--------+--------+--------+--------+-----+--------+
         Total |   1311 |   1279 |     32 |    251 |    672 |   2 |  655.5 |
       Dungeon |   1311 |   1279 |     32 |    251 |    672 |   2 |  655.5 |
               +--------+--------+--------+--------+--------+-----+--------+

Top non-repeatable levels by time:
     D:1: 941 daAuts
     D:2: 369 daAuts
